 Dungeon Sprint DCSS version 0.23.2-1-ga50397a6bc (webtiles) character file.

Game seed: 1544986340680655546

787 Ikoden the Thrower (level 7, -9/79 HPs)
             Began as an Ogre Hunter on May 15, 2019.
             Was a Believer of Yredelemnul.
             Shot with an arrow by a centaur warrior (15 damage)
             ... in the Dungeon (Sprint IX: "|||||||||||||||||||||||||||||").
             The game lasted 00:04:23 (881 turns).

Ikoden the Thrower (Ogre Hunter)                     Turns: 881, Time: 00:04:25

Health: -9/79      AC:  5    Str: 22    XL:     7   Next: 87%
Magic:  2/2        EV: 11    Int: 12    God:    Yredelemnul [**....]
Gold:   0          SH:  0    Dex:  9    Spells: 6/6 levels left

rFire    . . .     SeeInvis .   q - +5 demon whip "Spellbinder" {antimagic, MR+}
rCold    . . .     Gourm    .   (no shield)
rNeg     . . .     Faith    .   b - +0 robe
rPois    .         Spirit   .   (helmet restricted)
rElec    .         Reflect  .   (no cloak)
rCorr    .         Harm     .   (gloves unavailable)
MR       +....     NoTele   +   (boots unavailable)
Stlth    +.........             (no amulet)
HPRegen  0.23/turn              u - +2 ring of protection
MPRegen  0.08/turn              v - +3 ring of strength

@: very slightly contaminated, slowed, invisible, very slow
A: large, unfitting armour, tough skin 1
a: Animate Remains, Recall Undead Slaves, Injury Mirror, Renounce Religion


You were in the Dungeon.
You worshipped Yredelemnul.
Yredelemnul was pleased with you.
You were not hungry.

You visited 1 branch

Inventory:

Hand Weapons
 a - a +0 short sword
 h - a +0 giant club
 q - the +5 demon whip "Spellbinder" (weapon) {antimagic, MR+}
   (You found it in the Dungeon)

   It reduces the magical energy of the wielder, and disrupts the spells and
   magical abilities of those hit.
   Natural abilities and divine invocations are not affected.
   It affects your resistance to hostile enchantments.
Missiles
 c - a large rock (quivered)
Armour
 b - a +0 robe (worn)
 r - a +0 pair of gloves
 s - a +0 naga barding
 t - a +1 chain mail
Magical Staves
 p - an uncursed staff of energy
Jewellery
 u - a +2 ring of protection (left hand)
 v - a +3 ring of strength (right hand)
Wands
 o - a wand of iceblast (10)
Scrolls
 k - 2 scrolls of blinking
 m - 3 scrolls of remove curse
 n - 2 scrolls of amnesia
Potions
 i - 4 potions of magic
 j - a potion of berserk rage
Comestibles
 f - a ration


   Skills:
 + Level 7.8 Fighting
 + Level 1.9 Short Blades
 + Level 4.6 Maces & Flails
 + Level 13.5 Throwing
 + Level 5.2 Dodging
 + Level 1.2 Stealth


You had 6 spell levels left.
You didn't know any spells.
Your spell library was empty.

Dungeon Overview and Level Annotations

Branches:
Dungeon (1/1)

Altars:
Cheibriados
Dithmenos
Elyvilon
Fedhas
Gozag
Hepliaklqana
Kikubaaqudgha
Makhleb
Nemelex Xobeh
Okawaru
Qazlal
Ru
Sif Muna
Trog
Uskayaw
Vehumet
Wu Jian
Xom
Yredelemnul
Zin
The Shining One
Beogh
Jiyva
Lugonu


Innate Abilities, Weirdness & Mutations

You are too large for most types of armour.
You have tough skin. (AC +1)


Message History

You are very lightly contaminated with residual magic.
Unknown command.
Unknown command.
Unknown command.
Unknown command.
Unknown command.
Okay, then.
The centaur warrior shoots an arrow.
The arrow hits the wraith!
The wraith is destroyed!
Throwing (i - inventory)
c - 2 large rocks (quivered)
Press: ? - help, Shift-Dir - straight line, f - centaur warrior
Aim: a centaur warrior, wielding a +0 shortbow You throw a large rock.
The large rock hits the centaur warrior.
The centaur warrior is lightly wounded.
The centaur warrior shoots an arrow.
The arrow hits you.
* * * LOW HITPOINT WARNING * * *
The centaur warrior shoots an arrow.
The arrow hits you!
You die...
Your body rises from the dead as a mindless zombie. ▓▓▓▓▓▓▓▓▓▓▓▓▓▓▓▓▓▓▓▓▓▓▓▓▓▓▓▓▓▓▓▓▓ ___________'...)@.(cFh......(.... ▓▓▓▓▓▓▓▓▓▓▓▓▓▓▓▓▓▓▓▓▓▓▓▓▓▓▓▓▓▓▓▓▓

You could see a centaur warrior, a black bear and a bullfrog.

Vanquished Creatures
  A hippogriff (D)
  A black bear (D)
  An ogre (D)
  A centaur (D)
  A bullfrog (D)
  A scorpion (D)
  A quasit (D)
  A jelly (D)
  A worker ant (D)
  An adder zombie (D)
  An adder skeleton (D)
  A bat (D)
  A bat zombie (D)
  3 giant cockroaches (D)
  A goblin (D)
17 creatures vanquished.

Vanquished Creatures (others)
  A wraith (D)
  An ogre (D)
2 creatures vanquished.

Grand Total: 19 creatures vanquished

Notes
Turn   | Place    | Note
-------+----------+-------------------------------------------
     0 | D        | Ikoden the Ogre Hunter began the quest for the Orb.
     0 | D        | Reached XP level 1. HP: 22/22 MP: 1/1
     7 | D        | Reached skill level 5 in Throwing
    13 | D        | Reached XP level 2. HP: 27/29 MP: 2/2
    34 | D        | Noticed an ogre
    34 | D        | Noticed a centaur
    54 | D        | Killed an ogre
    54 | D        | Reached skill level 8 in Throwing
    54 | D        | Reached XP level 3. HP: 30/39 MP: 3/3
    54 | D        | Reached XP level 4. HP: 37/48 MP: 4/4
    61 | D        | Killed a centaur
    61 | D        | Reached skill level 1 in Short Blades
    61 | D        | Reached skill level 10 in Throwing
    61 | D        | Reached XP level 5. HP: 35/55 MP: 5/5
    90 | D        | Found a roughly hewn altar of Beogh.
    90 | D        | Found a snail-covered altar of Cheibriados.
    90 | D        | Found a shadowy altar of Dithmenos.
    90 | D        | Found a white marble altar of Elyvilon.
    90 | D        | Found a blossoming altar of Fedhas.
    90 | D        | Found an opulent altar of Gozag.
    91 | D        | Found a hazy altar of Hepliaklqana.
    92 | D        | Found a viscous altar of Jiyva.
    93 | D        | Found an ancient bone altar of Kikubaaqudgha.
    94 | D        | Found a corrupted altar of Lugonu.
    95 | D        | Found a burning altar of Makhleb.
    96 | D        | Found a sparkling altar of Nemelex Xobeh.
    97 | D        | Found an iron altar of Okawaru.
    98 | D        | Found a stormy altar of Qazlal.
    99 | D        | Found a sacrificial altar of Ru.
   100 | D        | Found a deep blue altar of Sif Muna.
   101 | D        | Found a bloodstained altar of Trog.
   102 | D        | Found a hide-covered altar of Uskayaw.
   103 | D        | Found a radiant altar of Vehumet.
   104 | D        | Found an ornate altar of the Wu Jian Council.
   105 | D        | Found a shimmering altar of Xom.
   106 | D        | Found a basalt altar of Yredelemnul.
   107 | D        | Found a glowing silver altar of Zin.
   108 | D        | Found a glowing golden altar of the Shining One.
   150 | D        | Became a worshipper of Yredelemnul the Dark
   239 | D        | Found the +5 demon whip "Spellbinder" {antimagic, MR+}
   253 | D        | Noticed a hippogriff
   253 | D        | Noticed a black bear
   256 | D        | Reached skill level 5 in Fighting
   256 | D        | Reached skill level 1 in Maces & Flails
   259 | D        | Killed a black bear
   259 | D        | Reached skill level 11 in Throwing
   259 | D        | Reached XP level 6. HP: 44/67 MP: 2/6
   262 | D        | Killed a hippogriff
   262 | D        | Reached * piety under Yredelemnul
   262 | D        | Reached skill level 12 in Throwing
   262 | D        | Reached XP level 7. HP: 40/76 MP: 2/7
   265 | D        | Reached skill level 1 in Stealth
   271 | D        | Reached skill level 13 in Throwing
   272 | D        | Reached ** piety under Yredelemnul
   845 | D        | Noticed a wraith
   845 | D        | Noticed a centaur warrior
   879 | D        | Reached skill level 5 in Dodging
   880 | D        | Killed a wraith
   881 | D        | Shot with an arrow by a centaur warrior

Skill      XL: |  1  2  3  4  5  6  7 |
---------------+----------------------+-----
Throwing       | 5 8 10 11 12 13 | 13.5
Dodging        | 2 3 4 5 |  5.2
Fighting       | 4 5 6 7 |  7.8
Short Blades   | 1 |  1.9
Maces & Flails | 2 3 4 |  4.6
Stealth        | 1 |  1.2

Action                   |  1- 3 |  4- 6 |  7- 9 || total
-------------------------+-------+-------+-------++-------
Melee: Short sword       |    11 |       |       ||    11
       Giant club        |       |     7 |       ||     7
       Demon whip        |       |     2 |    21 ||    23
Throw: Large rock        |     8 |     6 |     3 ||    17
       Throwing net      |       |       |     4 ||     4
  Use: Potion            |     1 |     2 |     7 ||    10
Armor: Robe              |     3 |    10 |     4 ||    17
Dodge: Dodged            |    12 |    13 |    14 ||    39
